 Dungeon Crawl Stone Soup version 0.29.1-1-gd02db6906a (webtiles) character file.

Game seed: 15950788645201858739

13115 holycorn the Cleaver (level 11, -7/160 HPs)
             Began as a Minotaur Berserker on Sept 21, 2022.
             Was a High Priest of Trog.
             Engulfed by a fire crab's flame (16 damage)
             ... on level 1 of the Lair of Beasts.
             The game lasted 00:24:42 (10826 turns).

holycorn the Cleaver (Minotaur Berserker)          Turns: 10826, Time: 00:24:42

Health: -7/160     AC: 21    Str: 32    XL:     11   Next: 71%
Magic:  10/10      EV:  9    Int:  4    God:    Trog [*****.]
Gold:   614        SH:  0    Dex: 10    Spells: 10/10 levels left

rFire   . . .      SeeInvis .   q - +4 war axe (freeze)
rCold   + . .      Faith    .   (no shield)
rNeg    . . .      Spirit   .   K - +0 plate armour
rPois   .          Reflect  .   (helmet restricted)
rElec   .          Harm     .   a - +0 cloak
rCorr   .          Rampage  .   i - +0 pair of gloves
Will    .....                   H - +1 pair of boots
Stlth   ..........              (no amulet)
HPRegen 0.36/turn               l - +6 ring of strength
MPRegen 0.12/turn               C - ring of protection from cold

@: berserking, very quick
A: horns 2, retaliatory headbutt
a: Renounce Religion, Berserk, Trog's Hand, Brothers in Arms


You were on level 1 of the Lair of Beasts.
You worshipped Trog.
Trog was extremely pleased with you.
You visited 2 branches of the dungeon, and saw 10 of its levels.

You collected 614 gold pieces.

Inventory:

Hand Weapons
 n - a +2 hand axe of electrocution
 q - a +4 war axe of freezing (weapon)
Armour
 a - a +0 cloak (worn)
 i - a +0 pair of gloves (worn)
 H - a +1 pair of boots (worn)
 I - a scarf of invisibility
 K - a +0 plate armour (worn)
Jewellery
 b - a ring of willpower
 l - a +6 ring of strength (left hand)
 s - a ring of fire
 C - a ring of protection from cold (right hand)
Wands
 y - a wand of polymorph (3)
 A - a wand of iceblast (7)
 B - a wand of charming (11)
 E - a wand of flame (16)
Scrolls
 c - 3 scrolls of teleportation
 e - 3 scrolls of poison
 f - a scroll of blinking
 h - 2 scrolls of acquirement
 k - 5 scrolls of enchant armour
 m - 2 scrolls of fear {unknown}
 o - 4 scrolls of amnesia
 t - 2 scrolls of noise
 x - 2 scrolls of fog {unknown}
 z - a scroll of vulnerability {unknown}
 D - a scroll of torment {unknown}
Potions
 g - 5 potions of mutation
 j - 2 potions of degeneration
 p - 4 potions of curing
 r - a potion of cancellation {unknown}
 v - 2 potions of brilliance {unknown}
 w - a potion of flight {unknown}
 F - 2 potions of resistance
 G - 2 potions of haste {unknown}
 J - a potion of might {unknown}


   Skills:
 * Level 13.1 Fighting
 + Level 14.5 Axes
 + Level 12.3 Armour
 - Level 2.3 Dodging
 - Level 1.0 Stealth


You had 10 spell levels left.
You didn't know any spells.
Your spell library was empty.

Dungeon Overview and Level Annotations

Branches:
Dungeon (9/15)               Lair (1/5) D:9
 Temple: D:4-7          Orc: D:9-12

Altars:
Cheibriados
Ru
Vehumet
Zin
The Shining One

Shops:
D:4 =   D:8 =

Annotations:
Lair:1 1 transporter


Innate Abilities, Weirdness & Mutations

You have a pair of horns on your head.
You reflexively headbutt those who attack you in melee.


Message History

Your Fighting skill increases to level 13!
You hit the fire elemental. You freeze the fire elemental.
The fire elemental is almost destroyed.
You slash the fire elemental! You freeze the fire elemental!
The fire elemental hits you. The fire elemental burns you!
* * * LOW HITPOINT WARNING * * *
You barely miss the fire elemental. You headbutt the fire elemental.
You feel the power of Trog in you as your rage grows.
You destroy the fire elemental!
Trog accepts your kill.
You barely miss the fire elemental. You slash the hell hound!
You freeze the hell hound. Your headbutt misses the hell hound.
The hell hound is heavily wounded.
You slash the fire elemental! You freeze the fire elemental.
The fire elemental hits you. The fire elemental burns you!
* * * LOW HITPOINT WARNING * * *
The hell hound barely misses you.
You slash the hell hound! You freeze the hell hound!
You kill the hell hound!
Trog accepts your kill.
You slash the fire elemental! You freeze the fire elemental.
You feel the power of Trog in you as your rage grows.
You destroy the fire elemental!
Trog accepts your kill.
Really walk into that cloud of flame? [Y]es or [N]o only, please.
Really walk into that cloud of flame?
Okay, then.
The fire crab breathes flames at you.
The blast of flame engulfs you but does no damage.
You feel a strong urge to attack something.
You are engulfed in blazing flames.
* * * LOW HITPOINT WARNING * * *
There is an open gate here.
You see here a fire crab corpse.
You slice the fire crab!! You freeze the fire crab.
The fire crab is heavily wounded.
You are engulfed in blazing flames.
You die...

##.# ##.©..### ##.## #..#
######### #...# ##.# #○.○○.○°#
#...# #.# #☼○°☼°○○# #..## #.#
#○○#°#☼○# #..#
#.######☼○°°.°☼# ##.###
#.##...#°○#°#°○# ###.#.###
#.##.#.#°°°°°.○######........
##.....####°t@####............
#......#○○°○☼°°°○##..##.#.##.#
#......#°○°☼.○°°°#......#.####
##.....#°○○○☼○°○○#######.....#
###...#○°○!:[☼°°# #..##.#
##.##☼°°$©$°°°# #..##.#
##.############ #..##.. #..#
#P..©.####### #..####
#..###...........# #..#


You could see a fire crab.

Vanquished Creatures
  A catoblepas (Lair:1)
  3 fire crabs (Lair:1)
  A torpor snail (Lair:1)
  4 cane toads (Lair:1)
  A kobold demonologist (D:9)
  A komodo dragon (Lair:1)
  The ghost of TheSexyCheese the Ruffian, an amateur TrFi of Trog (D:5)
  The ghost of bchevrier the Covered, an amateur GnWn (D:4)
  A hornet (D:8)
  3 blink frogs (Lair:1)
  2 dream sheep (Lair:1)
  A wraith (D:9)
  2 fire elementals (Lair:1)
  14 yaks
  A hell hound (Lair:1)
  4 water moccasins
  3 orc warriors
  3 sky beasts
  A black bear (D:6)
  A hornet zombie (D:4)
  An ogre (D:7)
  3 centaurs
  4 kobold brigands
  11 bullfrogs
  A necrophage (D:5)
  6 scorpions
  2 water moccasin zombies (D:4)
  10 wights
  12 killer bees
  An electric eel (D:9)
  A jelly (D:4)
  3 hounds (D:5)
  6 orc priests
  2 gnoll boudas
  5 iguanas
  2 orc wizards
  8 gnolls
  5 adders
  A white imp (D:6)
  2 ufetubi (D:6)
  A worm (D:3)
  4 dart slugs
  40 orcs
  4 endoplasms
  2 giant cockroaches
  9 goblins
  5 hobgoblins
  2 jackals (D:1)
  20 kobolds
  2 quokkas (D:1)
  4 ball pythons
  3 bats
  A frilled lizard (D:3)
  7 rats
239 creatures vanquished.

Vanquished Creatures (others)
  14 fungi
  4 plants (D:9)
18 creatures vanquished.

Grand Total: 257 creatures vanquished

Notes
Turn   | Place    | Note
-------+----------+-------------------------------------------
     0 | D:1      | holycorn the Minotaur Berserker began the quest for the
                  | Orb.
     0 | D:1      | Reached XP level 1. HP: 19/19 MP: 0/0
    24 | D:1      | Found a glowing silver altar of Zin.
   254 | D:1      | Reached XP level 2. HP: 27/27 MP: 1/1
   309 | D:1      | Reached skill level 4 in Axes
   958 | D:2      | Reached XP level 3. HP: 33/33 MP: 2/2
  1041 | D:2      | Reached ** piety under Trog
  1059 | D:2      | Found a faded altar of an unknown god.
  1540 | D:3      | Found a sacrificial altar of Ru.
  1619 | D:3      | Reached XP level 4. HP: 16/41 MP: 3/3
  2003 | D:3      | Reached skill level 5 in Axes
  2231 | D:3      | Found a radiant altar of Vehumet.
  2868 | D:4      | Reached XP level 5. HP: 45/47 MP: 4/4
  2883 | D:4      | Found a runed translucent gate.
  2883 | D:4      | Found a runed translucent gate.
  2883 | D:4      | Found a runed translucent gate.
  2884 | D:4      | Noticed bchevrier's ghost (amateur GnWn)
  3108 | D:4      | Found Fonyuhirch's Jewellery Boutique.
  3175 | D:4      | Reached skill level 6 in Axes
  3545 | D:4      | Reached XP level 6. HP: 37/55 MP: 5/5
  3546 | D:4      | Killed bchevrier's ghost
  3547 | D:4      | Reached skill level 5 in Fighting
  3547 | D:4      | Reached skill level 7 in Axes
  3547 | D:4      | Reached skill level 5 in Armour
  3547 | D:4      | Reached XP level 7. HP: 41/61 MP: 6/6
  3760 | D:5      | Entered Level 5 of the Dungeon
  3834 | D:5      | Found a large runed translucent door.
  3835 | D:5      | Found a large runed translucent door.
  3837 | D:5      | Noticed TheSexyCheese's ghost (amateur TrFi)
  4032 | D:5      | Reached *** piety under Trog
  4033 | D:5      | Reached skill level 8 in Axes
  4033 | D:5      | Reached skill level 1 in Stealth
  4209 | D:5      | Reached XP level 8. HP: 69/70 MP: 7/7
  4773 | D:5      | Killed TheSexyCheese's ghost
  4774 | D:5      | Reached skill level 9 in Axes
  5156 | D:6      | Found a snail-covered altar of Cheibriados.
  5666 | D:6      | Reached XP level 9. HP: 81/81 MP: 8/8
  6021 | D:7      | Reached skill level 10 in Axes
  6319 | D:7      | Reached **** piety under Trog
  6650 | D:7      | Identified the +1 ring mail of Ynichest {rElec Int-5
                  | Stlth+}
  6796 | D:7      | Found a glowing golden altar of the Shining One.
  7244 | D:8      | Reached skill level 11 in Axes
  7336 | D:8      | HP: 4/83 [wight/+4 war axe of freezing (3)]
  7343 | D:8      | Reached XP level 10. HP: 31/93 MP: 9/9
  7653 | D:8      | Reached skill level 10 in Fighting
  8119 | D:8      | Found Vaurghus's Jewellery Emporium.
  8133 | D:8      | Reached skill level 12 in Axes
  8133 | D:8      | Reached skill level 10 in Armour
  8455 | D:8      | Identified a scroll of acquirement
  8640 | D:9      | Reached skill level 13 in Axes
  8766 | D:9      | Found a staircase to the Lair.
  9004 | D:9      | Reached ***** piety under Trog
  9084 | D:9      | Noticed a smoke demon
  9403 | Lair:1   | Entered Level 1 of the Lair of Beasts
  9432 | Lair:1   | Reached XP level 11. HP: 76/104 MP: 10/10
  9542 | Lair:1   | Found a transporter.
  9606 | Lair:1   | Noticed a catoblepas
  9632 | Lair:1   | Killed a catoblepas
 10154 | Lair:1   | Reached skill level 14 in Axes
 10317 | Lair:1   | Found a transporter.
 10319 | Lair:1   | Noticed a fire crab
 10320 | Lair:1   | Noticed a fire crab
 10321 | Lair:1   | Noticed a fire crab
 10321 | Lair:1   | Noticed a fire crab
 10817 | Lair:1   | Killed a fire crab
 10817 | Lair:1   | Killed a fire crab
 10819 | Lair:1   | Killed a fire crab
 10826 | Lair:1   | Engulfed by a fire crab's flame

Illustrated notes

Levels and vault maps discovered:
D:1:      dpeg_arrival_lava_altar, layout_basic
D:2:      layout_basic, basic_ecumenical_altar, hangedman_decor_clover_reticule
D:3:      layout_basic, nicolae_ru_sacrificial_ziggurat,
          nicolae_vehumet_altar_sigil
D:4:      layout_basic, serial_shops, shop, gammafunk_ghost_necromancy
D:5:      layout_basic, ebering_ghost_disaster_area
D:6:      layout_basic, lemuel_tele_altar, minmay_unpleasant_kobolds
D:7:      layout_cave_pods, mainiacjoe_overflow_concentric_impassable,
          minmay_temple_entry_from_below_a, lightli_orcish_oven
D:8:      layout_loops_cross, serial_shops, nicolae_take_the_stairs,
          hangedman_decor_opposing
D:9:      layout_rooms, grunt_lair_entry_orc_guard_hut, minivault_4
Lair:1:   gammafunk_cloud_chamber, layout_loops_ring

Skill      XL: |  1  2  3  4  5  6  7  8  9 10 11 |
---------------+----------------------------------+-----
Axes           | 4 5 6 7 8 9 11 13 14 | 14.5
Fighting       | 4 5 6 7 9 11 13 | 13.1
Armour         | 3 4 5 6 8 9 11 12 | 12.3
Stealth        | 1 |  1.0
Dodging        | |  2.3

Action                   |  1- 3 |  4- 6 |  7- 9 | 10-12 || total
-------------------------+-------+-------+-------+-------++-------
Melee: Hand axe          |    74 |    51 |   228 |     3 ||   356
       Headbutt          |     7 |     6 |    39 |    25 ||    77
       Punch             |       |       |     2 |     1 ||     3
       War axe           |       |       |       |   190 ||   190
Invok: Berserk           |     1 |     1 |     3 |     2 ||     7
       Trog's Hand       |       |       |     1 |     2 ||     3
  Use: Scroll            |     1 |     1 |     6 |     4 ||    12
       Potion            |       |       |     2 |       ||     2
Armor: Ring mail         |    27 |    11 |     4 |       ||    42
       Chain mail        |       |       |    93 |    32 ||   125
       Plate armour      |       |       |       |    49 ||    49
Dodge: Dodged            |    47 |    16 |    93 |    65 ||   221
